Map: Submarine LE

Players

Zest

  • Race: Protoss Protoss
  • Spawn Location: 5:00

Reynor - Winner!

  • Race: Zerg Zerg
  • Spawn Location: 11:00

Event: IEM Katowice 2021

VOD

Have the link to the VOD?

Description

Time

  • Played on: Feb. 28, 2021, 12:48 p.m.
  • Length: 11:37

All games in this series

Show
View Real Time Build Order
Export as new Build Order

Zest Protoss 

Build Orders: 1 Gate Expand, Zealot Archon, Archon Drop, Dark Templar Rush 

Get SALT Encoding   

  12  0:00  Probe  
  13  0:12  Probe  
  14  0:18  Pylon  
  14  0:24  Probe  
  15  0:36  Probe (Chrono Boost)  
  15  0:39  Gateway  
  16  0:46  Probe (Chrono Boost)  
  16  0:49  Assimilator  
  17  0:51  Probe (Chrono Boost)  
  18  1:03  Probe  
  19  1:15  Probe  
  20  1:27  Cybernetics Core  
  20  1:34  Nexus  
  20  1:40  Zealot (Chrono Boost)  
  22  1:47  Pylon  
  22  1:50  Probe  
  23  1:55  Assimilator  
  23  2:04  Adept (Chrono Boost)  
  23  2:06  Warp Gate  
  25  2:27  Adept  
  27  2:32  Probe (Chrono Boost)  
  28  2:43  Gateway  
  28  2:44  Probe (Chrono Boost)  
  29  2:46  Twilight Council  
  29  2:50  Probe (Chrono Boost)  
  29  2:51  Probe (Chrono Boost)  
  31  3:00  Probe  
  31  3:01  Probe  
  31  3:05  Stalker  
  35  3:12  Probe  
  36  3:14  Probe  
  37  3:20  Robotics Facility  
  37  3:24  Probe  
  37  3:26  Probe  
  39  3:36  Probe  
  39  3:38  Probe  
  41  3:43  Dark Shrine  
  41  3:48  Probe  
  41  3:49  Gateway  
  41  3:50  Probe  
  43  3:58  Gateway  
  45  4:02  Probe  
  45  4:07  Warp Prism (Chrono Boost)  
  45  4:13  Pylon  
  45  4:15  Assimilator  
  46  4:18  Pylon  
  46  4:21  Assimilator  
  46  4:31  Probe (Chrono Boost)  
  46  4:32  Probe (Chrono Boost)  
  48  4:44  Probe x2 (Chrono Boost)  
  50  4:48  Pylon  
  50  4:51  Probe x2 (Chrono Boost)  
  52  4:58  Dark Templar x4, Probe x2  
  62  5:06  Observer  
  63  5:10  Probe x2  
  65  5:19  Nexus  
  65  5:20  Archon  
  65  5:23  Archon  
  65  5:26  Pylon  
  65  5:27  Immortal (Chrono Boost)  
  69  5:34  Pylon  
  65  5:43  Charge (Chrono Boost)  
  65  5:48  Gateway  
  65  5:49  Gateway  
  65  6:02  Immortal (Chrono Boost)  
  69  6:05  Sentry x3  
  69  6:06  Zealot  
  69  6:08  Observer  
  77  6:13  Gateway x2  
  77  6:20  Shield Battery  
  77  6:30  Immortal (Chrono Boost)  
  81  6:37  Zealot, Dark Templar x2  
  81  6:38  Zealot  
  89  6:41  Archon  
  89  6:46  Pylon  
  89  6:48  Pylon  
  89  7:00  Zealot x4  
  81  7:16  Zealot x4  
  81  7:20  Zealot x3  
  81  7:24  Zealot  
  67  7:39  Zealot x4  
  75  7:44  Dark Templar  
  75  7:45  Dark Templar  
  75  7:49  Dark Templar  
  75  7:50  Archon  
  75  7:51  Dark Templar  
  83  7:55  Archon  
  83  7:59  Sentry x4  
  91  8:21  Dark Templar x2  
  91  8:22  Zealot  
  91  8:23  Zealot x4  
  91  8:25  Archon  
  105  8:31  Pylon  
  105  8:45  Zealot x3, Sentry x2  
  105  8:46  Zealot  
  115  9:04  Dark Templar x2  
  119  9:16  Zealot  
  119  9:17  Zealot x2  
  123  9:23  Pylon  
  123  9:26  Pylon  
  121  9:36  Zealot x4  
  121  9:37  Zealot x2  
  122  9:47  Zealot x2  
  122  10:07  Zealot x2, Dark Templar x5  
  120  10:08  Zealot  
  120  10:11  Archon  
  120  10:12  Archon  
  130  10:35  Zealot, Dark Templar x2  
  134  10:41  Archon  
  136  10:43  Zealot x2  
  103  11:12  Zealot x8  
Show
View Real Time Build Order
Export as new Build Order

Reynor Zerg - Winner!

Build Orders: Pool First 

Get SALT Encoding   

  12  0:00  Drone  
  13  0:12  Overlord  
  13  0:17  Drone  
  14  0:30  Drone x2  
  16  0:40  Spawning Pool  
  15  0:44  Drone  
  16  1:02  Drone  
  17  1:10  Hatchery  
  16  1:15  Drone  
  17  1:27  Zergling x4  
  17  1:28  Zergling x2  
  20  1:34  Queen  
  20  1:36  Extractor  
  21  1:42  Overlord  
  21  1:49  Drone  
  22  2:00  Drone  
  23  2:09  Queen  
  23  2:10  Drone  
  26  2:22  Drone, Queen  
  27  2:26  Drone  
  30  2:33  Overlord  
  30  2:34  Drone  
  30  2:39  Metabolic Boost  
  30  2:43  Drone  
  31  2:44  Drone  
  32  2:54  Zergling x2  
  32  2:55  Zergling x2  
  32  2:56  Drone  
  32  2:57  Drone x2  
  37  3:12  Hatchery  
  36  3:15  Drone  
  36  3:19  Drone x2  
  39  3:20  Drone  
  39  3:23  Drone  
  41  3:28  Overlord  
  41  3:29  Drone  
  41  3:32  Drone  
  41  3:34  Drone  
  44  3:39  Overlord  
  44  3:45  Overlord  
  44  3:48  Drone x3  
  47  3:54  Queen  
  49  3:57  Drone x2  
  51  4:02  Roach Warren  
  51  4:04  Extractor, Drone  
  51  4:10  Zergling x4  
  51  4:12  Overlord  
  52  4:20  Drone  
  52  4:21  Drone x2  
  55  4:24  Overlord  
  55  4:30  Spore Crawler  
  54  4:34  Drone  
  55  4:40  Spore Crawler  
  55  4:42  Roach x4  
  55  4:43  Roach x3  
  55  4:45  Spore Crawler  
  67  4:50  Lair  
  67  4:53  Drone x2  
  67  4:58  Drone x2  
  71  5:03  Drone x2  
  71  5:04  Overlord  
  71  5:06  Drone  
  74  5:09  Drone x2  
  74  5:13  Evolution Chamber  
  75  5:15  Drone x3  
  75  5:19  Drone  
  79  5:22  Drone x2  
  79  5:25  Queen  
  83  5:29  Roach  
  83  5:32  Drone x3  
  87  5:41  Drone x3  
  89  5:44  Roach x2  
  89  5:47  Overlord, Zerg Missile Weapons Level 1  
  89  5:49  Glial Reconstitution  
  93  5:50  Extractor x2, Drone  
  93  5:53  Roach  
  93  6:00  Overlord  
  93  6:03  Drone x2  
  93  6:04  Drone  
  96  6:05  Overseer  
  96  6:08  Drone x4  
  96  6:09  Overlord  
  96  6:10  Extractor  
  96  6:11  Roach x2  
  103  6:17  Roach  
  105  6:18  Overlord  
  105  6:21  Roach x3  
  105  6:23  Overlord  
  111  6:29  Roach x3  
  111  6:31  Overseer  
  116  6:33  Overlord  
  116  6:36  Roach x2  
  116  6:39  Roach x2  
  124  6:50  Roach x6  
  124  6:54  Overlord  
  134  7:00  Roach x4  
  142  7:02  Ravager  
  142  7:03  Overlord  
  142  7:05  Zergling x4, Roach  
  144  7:08  Zergling x2  
  144  7:10  Overlord  
  144  7:14  Roach x3  
  135  7:18  Roach  
  135  7:21  Roach  
  133  7:24  Roach  
  133  7:26  Roach  
  133  7:27  Roach  
  133  7:28  Zergling x4  
  127  7:33  Zergling x6, Roach  
  127  7:34  Ravager x2  
  127  7:36  Roach  
  131  7:42  Roach  
  131  7:44  Roach  
  135  7:47  Drone  
  132  7:52  Extractor, Drone  
  132  7:57  Drone  
  133  7:59  Roach  
  133  8:02  Roach  
  133  8:05  Hatchery  
  134  8:07  Roach x2  
  134  8:08  Ravager x2  
  140  8:14  Spine Crawler, Roach, Overlord  
  140  8:15  Zerg Missile Weapons Level 2  
  140  8:17  Roach  
  143  8:24  Roach  
  143  8:25  Roach  
  147  8:28  Overseer, Ravager x2  
  147  8:30  Roach  
  147  8:33  Overlord  
  155  8:34  Roach x2  
  155  8:35  Roach  
  155  8:38  Roach  
  161  8:42  Roach x4  
  161  8:45  Overlord  
  161  8:46  Roach x2  
  161  8:48  Ravager  
  172  8:49  Roach  
  172  8:53  Roach x2  
  178  8:58  Ravager  
  178  8:59  Overlord  
  178  9:00  Hatchery  
  178  9:01  Roach x3  
  184  9:05  Roach x2  
  184  9:08  Overlord  
  184  9:09  Roach x2  
  192  9:14  Roach  
  192  9:16  Overlord  
  194  9:20  Roach x2, Infestation Pit  
  194  9:21  Roach  
  199  9:30  Roach  
  197  9:31  Overlord  
  197  9:34  Roach x5  
  190  9:43  Roach x6  
  199  9:45  Overlord  
  198  9:57  Drone  
  196  10:05  Roach x7  
  199  10:17  Ravager x2  
  199  10:18  Ravager  
  200  10:39  Spine Crawler  
  200  10:40  Spine Crawler x2  
  195  10:45  Overseer  
  195  10:59  Roach x6  
  195  11:03  Roach x11  
  198  11:08  Roach x4  
  199  11:11  Ravager  

Tags
 
Add a new tag
Caveats
  • Supply blocks, unpowered buildings, or Contaminate may cause inaccurate times.
  • Supply counts are checked every 10 seconds.